AoeStats
← Sorrateiro

Black Forest

510103083Analyzed
4v4 RM · 4d ago on Sep 29, 2026· 29m 54s· 8 players
Game mode
Random Map
Map size
Large (8 player)
Population
200
Speed
Normal
Resources
Standard
Victory
Conquest
Starting age
Dark Age
Ending age
Imperial Age
RankedLock teamsTeams togetherTeam positionsShared explorationLock speedFull tech treeHidden civsTurbo modeCheats
Victory
Defeat
🇧🇷 Poles · Brazil
1583
+14
🇸🇰 Spanish · Slovakia
1539
+16
🇬🇧 Saracens · United Kingdom
1527
+16
🇸🇰 Tupi · Slovakia
1520
+16
🇨🇳 Bulgarians · China
1562
-17
🇨🇳 Koreans · China
1526
-15
🇨🇦 Berbers · Canada
1526
-15
🇨🇳 Wu · China
1514
-15
[FORD]DarkHorse
0:40 Loom
13:04 Feudal Age
24:09 Castle Age
22:26 Fletching
24:04 Double-Bit Axe
26:10 Wheelbarrow
25:47 Bow Saw
25:20 Horse Collar
betterlh
1:25 Loom
13:47 Feudal Age
19:00 Castle Age
17:12 Double-Bit Axe
17:17 Gold Mining
18:02 Gold Mining
21:59 Town Watch
23:52 Fishing Lines
Allen
12:29 Feudal Age
13:28 Double-Bit Axe
16:17 Castle Age
16:13 Scale Barding Armor
17:56 Bow Saw
18:09 Chain Barding Armor
18:30 Fletching
26:02 Forging
25:57 Loom
27:06 Wheelbarrow
yyx
7:39 Loom
11:49 Feudal Age
12:36 Town Watch
15:33 Castle Age
13:49 Double-Bit Axe
17:00 Bow Saw
20:21 Fishing Lines
22:21 Town Watch
22:19 Horse Collar
23:25 Wheelbarrow
24:06 Gillnets
26:14 Hand Cart
25:58 Gold Mining
26:10 Heavy Plow
26:50 Stone Mining
30:23 Imperial Age
Erik the Red
1:09 Loom
14:21 Feudal Age
21:18 Castle Age
19:34 Double-Bit Axe
20:09 Gold Mining
22:16 Bow Saw
22:02 Horse Collar
29:47 Wheelbarrow
29:52 Fletching
Wolf Slayer
10:15 Feudal Age
13:28 Double-Bit Axe
14:57 Fletching
17:38 Horse Collar
25:04 Castle Age
25:56 Bodkin Arrow
26:02 Pikeman
26:06 Crossbowman
27:09 Bow Saw
Rado the Yellow
11:23 Feudal Age
14:46 Castle Age
12:53 Double-Bit Axe
15:44 Bow Saw
17:38 Fishing Lines
21:59 Loom
22:18 Gillnets
23:20 Horse Collar
24:51 Wheelbarrow
25:25 Heavy Plow
25:42 Gold Mining
25:42 Stone Mining
26:39 Hand Cart
30:19 Imperial Age
27:55 Scale Barding Armor
28:17 Husbandry
28:28 Bloodlines
28:47 Fervor
29:58 Chain Barding Armor
29:49 Forging
Sorrateiro
0:37 Loom
13:50 Feudal Age
15:48 Double-Bit Axe
18:04 Wheelbarrow
19:03 Horse Collar
22:51 Castle Age
21:41 Gold Mining
22:18 Stone Mining
23:07 Scale Barding Armor
23:13 Forging
24:17 Bow Saw
23:59 Town Watch
25:13 Chain Barding Armor
25:28 Bloodlines
25:37 Fishing Lines
26:07 Husbandry
27:14 Iron Casting
29:56 Stone Shaft Mining
29:32 Heavy Plow
Connection lost

Rejoining the realm…

Still unreachable

The connection could not be restored.

Session expired

The server has moved on; the page needs a fresh start.